 Dungeon Crawl Stone Soup version 0.19-a0-1895-g783e625 (webtiles) character file.

7515 dobroeutro the Slicer (level 11, -2/72 HPs)
             Began as a Kobold Hunter on Oct 19, 2016.
             Was an Elder of Okawaru.
             Slain by a hill giant
             ... wielding a +0 giant club
              (9 damage)
             ... on level 9 of the Dungeon.
             The game lasted 00:36:21 (16987 turns).

dobroeutro the Slicer (Kobold Hunter)              Turns: 16987, Time: 00:36:21

Health: -2/72      AC:  5    Str: 12    XL:     11   Next: 38%
Magic:  0/11       EV: 19    Int: 12    God:    Okawaru [****..]
Gold:   287        SH:  0    Dex: 17    Spells: 0 memorised, 10 levels left

rFire  + . .     SeeInvis +     k - +1 short sword (speed)
rCold  + + .     Gourm    .     G - +1 leather armour of the First Deaths {rF+ rC++ Int-3}
rNeg   . . .     Faith    .     (shield restricted)
rPois  .         Spirit   +     (no helmet)
rElec  .         Reflect  .     t - +0 cloak
rCorr  .         Harm     .     (no gloves)
MR     .....                    (no boots)
Stlth  +++.......               j - amulet of guardian spirit
                                N - ring of see invisible
                                s - +3 ring of intelligence

@: no status effects
A: carnivore 3
a: Heroism, Renounce Religion


You were on level 9 of the Dungeon.
You worshipped Okawaru.
Okawaru was greatly pleased with you.
You were very full.

You visited 2 branches of the dungeon, and saw 11 of its levels.

You collected 527 gold pieces.
You spent 240 gold pieces at shops.

Inventory:

Hand Weapons
 a - a +2 hand crossbow
 k - a +1 short sword of speed (weapon)
Missiles
 d - 33 bolts
Armour
 t - a +0 cloak (worn)
 E - the +2 robe of Mysticism {Dex+3}
   (You found it on level 5 of the Dungeon)

   It affects your dexterity (+3).
 G - the +1 leather armour of the First Deaths (worn) {rF+ rC++ Int-3}
   (You found it on level 9 of the Dungeon)

   It affects your intelligence (-3).
   It protects you from fire.
   It greatly protects you from cold.
Jewellery
 j - an amulet of guardian spirit (around neck)
 s - a +3 ring of intelligence (left hand)
 B - an uncursed ring of fire
 N - a ring of see invisible (right hand)
Wands
 y - a wand of polymorph (17/24)
 C - a wand of random effects (34/48)
 F - a wand of random effects (42/48)
 J - a wand of paralysis (9/24)
 L - a wand of digging (24/24)
Scrolls
 b - a scroll of amnesia
 h - 5 scrolls of enchant armour
 r - 6 scrolls of remove curse
 w - a scroll of teleportation
 x - 10 scrolls of identify
 A - a scroll of noise
 I - a scroll of vulnerability
Potions
 e - 2 potions of berserk rage {unknown}
 i - 2 potions of haste {unknown}
 l - a potion of mutation {unknown}
 m - 2 potions of degeneration {unknown}
 n - 3 potions of lignification {unknown}
 o - 2 potions of ambrosia {unknown}
 p - 2 potions of cancellation {unknown}
 q - 2 potions of agility
 v - 2 potions of curing
 z - 3 potions of heal wounds {unknown}
 D - a potion of invisibility
 K - a potion of resistance
Books
 u - a book of Misfortune

   Spells                             Type                      Level
   a - Confusing Touch                Hexes                        1
   b - Confuse                        Hexes                        3
   c - Gell's Gravitas                Hexes/Translocation          3
   d - Petrify                        Transmutation/Earth          4
   e - Metabolic Englaciation         Hexes/Ice                    5
   f - Yara's Violent Unravelling     Hexes/Transmutation          5
Comestibles
 c - 2 slices of pizza
 f - a meat ration
 g - 4 beef jerkies
 H - 10 royal jellies


   Skills:
 + Level 9.7 Fighting
 + Level 11.8 Short Blades
 + Level 11.5 Crossbows
 - Level 7.0 Dodging
 - Level 5.3 Stealth


You had 10 spell levels left.
You didn't know any spells.

Dungeon Overview and Level Annotations

Branches:
Dungeon (10/15)            Temple (1/1) D:4            Lair (0/6) D:9
    Orc: D:9-12

Altars:
Ashenzari
Cheibriados
Dithmenos
Elyvilon
Fedhas
Hepliaklqana
Kikubaaqudgha
Makhleb
Nemelex Xobeh
Okawaru
Qazlal
Ru
Sif Muna
Trog
Uskayaw
Xom
Zin
The Shining One

Shops:
D:8 ?


Innate Abilities, Weirdness & Mutations

You are small and have problems with some larger weapons.
You are carnivorous and can eat meat at any time.


Message History

You see here an arrow.
You feel better. The hill giant misses you.
The centaur shoots an arrow.
The arrow closely misses you.
The centaur shoots an arrow.
The arrow hits you!
* * * LOW HITPOINT WARNING * * *
You see here an arrow.
You see here an arrow.
You see here 2 arrows.
You feel better.
You see here an arrow.
The hill giant closely misses you.
The centaur unwields an uncursed shortbow.
The centaur hits you!
* * * LOW HITPOINT WARNING * * *
The centaur completely misses you.
You see here 2 arrows.
There is an open door, spattered with blood here.
You see here an arrow.
The hill giant hits you with a giant club!
You die...

....#(.................#........#
....#(.................#.....)..'
....#..................#........#
....#(.................#........#
...(#(.......(.........#........#
..............(........#.........
.............(c(.......#.........
..............#C########.........
..............#(@.).((.(...######
..............#............#.....
....>.........#............#.....
..............#..()...(....#.....
.........(....#............#.....
........(.....#............#.....
.......(......#............#.....
......(.......#.......##'###.....
.....(........#.......#..........


You could see a hill giant and a centaur.

Vanquished Creatures
  The ghost of Raws the Archer, a novice HEHu of Okawaru (D:6)
  A centaur zombie (D:10)
  A troll (D:9)
  2 hippogriffs
  The ghost of dobroeutro the Bolt Thrower, an amateur KoHu (D:4)
  2 wyverns
  3 yaks (D:9)
  A steam dragon (D:9)
  An orc warrior (D:5)
  An ice beast (D:7)
  A hornet zombie (D:6)
  A black bear (D:8)
  An eye of draining (D:8)
  A necrophage (D:8)
  A phantom (D:8)
  6 ogres
  6 centaurs
  2 crocodiles (D:9)
  The ghost of dobroeutro the Bolt Thrower, an amateur KoHu (D:3)
  2 big kobolds
  3 bullfrogs
  A gnoll sergeant (D:6)
  A wyvern zombie (D:7)
  5 scorpions
  5 wights
  4 howler monkeys
  2 bullfrog zombies (D:5)
  6 crimson imps
  A quasit (D:8)
  6 jellies
  7 hounds
  6 orc priests
  A centaur skeleton (D:10)
  2 gnoll shamans
  3 iguanas
  9 orc wizards
  3 bullfrog skeletons
  7 worker ants
  A killer bee zombie (D:5)
  A hound zombie (D:5)
  A hound skeleton (D:10)
  2 worker ant zombies
  48 gnolls
  14 adders
  A shadow imp (D:9)
  6 oozes
  An adder skeleton (D:8)
  An adder zombie (D:7)
  4 worms
  6 dart slugs (D:1)
  5 leopard geckos
  37 orcs
  3 ball pythons
  3 giant cockroaches
  9 goblins
  6 hobgoblins
  28 jackals
  14 kobolds
  4 quokkas
  11 bats
  7 frilled lizards
  A jackal zombie (D:5)
  A quokka skeleton (D:8)
  11 rats
334 creatures vanquished.

Vanquished Creatures (others)
  A plant (D:6)
1 creature vanquished.

Grand Total: 335 creatures vanquished

Notes
Turn   | Place    | Note
-------+----------+-------------------------------------------
     0 | D:1      | dobroeutro the Kobold Hunter began the quest for the Orb.
     0 | D:1      | Reached XP level 1. HP: 12/12 MP: 1/1
    82 | D:1      | Reached skill level 1 in Short Blades
    99 | D:1      | Reached XP level 2. HP: 13/18 MP: 2/2
   165 | D:1      | Reached skill level 5 in Crossbows
   427 | D:1      | Reached XP level 3. HP: 14/22 MP: 3/3
  1088 | D:2      | Reached XP level 4. HP: 24/27 MP: 4/4
  1528 | D:2      | Found a glowing golden altar of the Shining One.
  1643 | D:2      | Found a faded altar of an unknown god.
  1643 | D:2      | Found an ancient bone altar of Kikubaaqudgha.
  1648 | D:2      | Found a shattered altar of Ashenzari.
  1650 | D:2      | Found a burning altar of Makhleb.
  1651 | D:2      | Found a hide-covered altar of Uskayaw.
  1702 | D:2      | Reached XP level 5. HP: 32/32 MP: 5/5
  2102 | D:3      | Noticed dobroeutro's ghost (amateur KoHu)
  2147 | D:3      | Killed dobroeutro's ghost
  2147 | D:3      | Reached XP level 6. HP: 11/37 MP: 3/6
  2385 | D:3      | Reached skill level 5 in Short Blades
  2563 | D:3      | Found a shimmering altar of Xom.
  2823 | D:3      | Found a sparkling altar of Nemelex Xobeh.
  3299 | D:4      | Reached XP level 7. HP: 34/43 MP: 5/7
  3397 | D:4      | Noticed dobroeutro's ghost (amateur KoHu)
  3405 | D:4      | Killed dobroeutro's ghost
  3665 | D:4      | Found a staircase to the Ecumenical Temple.
  3680 | Temple   | Entered the Ecumenical Temple
  3704 | Temple   | Became a worshipper of Warmaster Okawaru
  3956 | D:5      | Entered Level 5 of the Dungeon
  4291 | D:5      | Reached skill level 5 in Fighting
  4291 | D:5      | Reached XP level 8. HP: 49/49 MP: 8/8
  4429 | D:5      | Found a bloodstained altar of Trog.
  4499 | D:5      | Got a shadowed robe
  4510 | D:5      | Identified the +2 robe of Mysticism {Dex+3} (You found it on level 5 of the Dungeon)
  4731 | D:6      | Found an iron altar of Okawaru.
  5331 | D:5      | Reached * piety under Okawaru
  5810 | D:6      | Noticed Raws's ghost (novice HEHu)
  6172 | D:5      | Reached skill level 5 in Dodging
  6408 | D:6      | Noticed a hippogriff
  6872 | D:6      | Reached XP level 9. HP: 21/55 MP: 3/9
  7681 | D:6      | Killed a hippogriff
  8345 | D:5      | Reached ** piety under Okawaru
  8616 | D:6      | Killed Raws's ghost
 10228 | D:6      | Reached XP level 10. HP: 55/63 MP: 8/10
 10381 | D:6      | Noticed a hill giant
 11288 | D:7      | Reached skill level 10 in Short Blades
 11345 | D:7      | Reached skill level 10 in Crossbows
 11781 | D:7      | Found a stormy altar of Qazlal.
 11788 | D:7      | Found a snail-covered altar of Cheibriados.
 11788 | D:7      | Found a shadowy altar of Dithmenos.
 11796 | D:7      | Found a deep blue altar of Sif Muna.
 11799 | D:7      | Found a sacrificial altar of Ru.
 11867 | D:8      | Found Bulidoj's Magic Scroll Shoppe.
 11938 | D:8      | Bought a scroll of enchant armour for 90 gold pieces
 11938 | D:8      | Bought a scroll of enchant weapon for 90 gold pieces
 11938 | D:8      | Bought a scroll of remove curse for 36 gold pieces
 11938 | D:8      | Bought a scroll of identify for 24 gold pieces
 12113 | D:8      | Reached *** piety under Okawaru
 12489 | D:8      | Received a gift from Okawaru
 14019 | D:9      | Received a gift from Okawaru
 14583 | D:9      | Reached XP level 11. HP: 32/71 MP: 5/11
 14901 | D:9      | HP: 1/71 [centaur/arrow (9)]
 15207 | D:9      | Found a sacrificial altar of Ru.
 15622 | D:9      | Found a staircase to the Lair.
 15626 | D:9      | Got a spiked leather armour
 15637 | D:9      | Identified the +1 leather armour of the First Deaths {rF+ rC++ Int-3} (You found it on level 9 of the Dungeon)
 16270 | D:9      | Reached skill level 5 in Stealth
 16526 | D:10     | Entered Level 10 of the Dungeon
 16833 | D:10     | Reached **** piety under Okawaru
 16833 | D:10     | Received a gift from Okawaru
 16839 | D:10     | Noticed a hill giant
 16848 | D:10     | Noticed a hill giant
 16973 | D:9      | HP: 2/72 [centaur/arrow (6)]
 16987 | D:9      | Slain by a hill giant

Vault maps used:
D:1:      kennysheep_arrival_seaside
D:2:      chequers_temple_overflow_minitemple, nicolae_tso_carved_into_rock
D:3:      overflow_temple_1_default, xom_teletrap_fun
D:5:      nicolae_overflow_crystal_walls, first_bread
D:6:      lemuel_castle_with_subvaults, serial_co_window_serial,
          co_window_paths_a, co_window_of_opportunity_a, co_window_paths_a,
          co_window_corner_a, co_window_paths_a, co_window_unsneaky_path_e,
          co_window_paths_c, co_window_broadway_b, glass_columns_a,
          glass_columns_b, glass_columns_b, glass_columns_a,
          okawaru_ov_weapons_minmay
D:7:      minmay_overflow_temple_star_hex
D:8:      serial_shops, shop_coins, hangedman_little_slice_of_home
D:9:      dpeg_lair_monsters, nicolae_ru_awakened_eye
Temple:   chequers_temple_sunken

Skill      XL: |  1  2  3  4  5  6  7  8  9 10 11 |
---------------+----------------------------------+-----
Short Blades   | 1 2 3 4 5 6 7 9 11 | 11.8
Crossbows      | 5 6 8 9 10 11 | 11.5
Fighting       | 3 4 5 6 7 9 |  9.7
Dodging        | 4 5 7 |  7.0
Stealth        | 3 5 |  5.3

Action                   |  1- 3 |  4- 6 |  7- 9 | 10-12 || total
-------------------------+-------+-------+-------+-------++-------
Melee: Short sword       |   109 |   261 |   995 |   798 ||  2163
       Punch             |       |       |     2 |       ||     2
 Fire: Hand crossbow     |     8 |    63 |    55 |   173 ||   299
Invok: Heroism           |       |       |     4 |     2 ||     6
  Use: Potion            |       |     1 |       |     5 ||     6
       Scroll            |       |       |       |    11 ||    11
 Stab: Distracted        |     1 |       |     1 |     1 ||     3
       Sleeping          |       |     1 |     3 |    10 ||    14
       Invisible         |       |     1 |       |       ||     1
  Eat: Chunk             |     2 |    14 |    20 |    21 ||    57
       Royal jelly       |       |       |       |     1 ||     1
Armor: Leather armour    |    32 |    42 |    12 |    13 ||    99
       Robe              |       |       |    59 |    40 ||    99
Dodge: Dodged            |   112 |   192 |   441 |   480 ||  1225
